 Dungeon Crawl Stone Soup version 0.21.0-3-g78d12a8 (webtiles) character file.

3406 Gobbopathe the Martial Artist (level 10, 0/51 HPs)
             Began as a Vine Stalker Transmuter on Jan 8, 2018.
             Was a Priest of Wu Jian.
             Succumbed to a water moccasin's poison
             ... on level 8 of the Dungeon.
             The game lasted 00:28:33 (7787 turns).

Gobbopathe the Martial Artist (VSTm)                Turns: 7787, Time: 00:28:34

Health: 0/51       AC:  2    Str: 14    XL:     10   Next: 4%
Magic:  3/19       EV: 19    Int: 16    God:    Wu Jian [***...]
Gold:   429        SH:  5    Dex: 19    Spells: 5/20 levels left

rFire    . . .     SeeInvis .     - Unarmed
rCold    . . .     Gourm    .   (shield currently unavailable)
rNeg     . . .     Faith    .   (armour currently unavailable)
rPois    x         Spirit   +   (helmet currently unavailable)
rElec    .         Reflect  +   (cloak currently unavailable)
rCorr    .         Harm     .   (gloves currently unavailable)
MR       +....                  (boots currently unavailable)
Stlth    +++++.....             x - +5 amulet of reflection
HPRegen  0.57/turn              B - ring of stealth
MPRegen  0.16/turn              q - ring of stealth

@: lethally poisoned (0 -> -19), spider-form (expiring)
A: tiny, regeneration 1, magic shield, no potion heal 3, rot immunity
a: End Transformation, Wall Jump, Serpent's Lash, Renounce Religion


You were on level 8 of the Dungeon.
You worshipped Wu Jian.
Wu Jian was most pleased with you.
You were hungry.
You were a venomous arachnid creature.
You visited 2 branches of the dungeon, and saw 10 of its levels.
You also visited: Ossuary.

You collected 429 gold pieces.

Inventory:

Hand Weapons
 b - a +0 hunting sling
 Y - a +2 shortbow of freezing
Missiles
 a - 102 arrows
 f - 2 throwing nets
 j - 54 sling bullets
 r - 231 stones (quivered)
 C - 5 tomahawks of returning
 D - 24 tomahawks
Armour
 g - a +0 helmet (melded)
 m - a cursed +0 leather armour (melded)
 o - a +1 pair of boots (melded)
 s - a +0 robe
 u - a +1 pair of boots
 R - a +0 pair of gloves (melded)
Jewellery
 n - an uncursed ring of ice
 q - a ring of stealth (right front leg)
 x - a +5 amulet of reflection (around neck)
 B - a ring of stealth (left front leg)
Wands
 F - a wand of paralysis (16)
 U - a wand of disintegration (8)
 V - a wand of iceblast (11)
Scrolls
 h - 4 scrolls of identify {unknown}
 i - 7 scrolls of teleportation {unknown}
 k - 5 scrolls of magic mapping {unknown}
 t - 2 scrolls of noise {unknown}
 w - 3 scrolls of fear {unknown}
 y - a scroll of immolation {unknown}
 A - 2 scrolls of random uselessness {unknown}
 G - 8 scrolls of remove curse {unknown}
 H - 2 scrolls of fog {unknown}
 J - 2 scrolls of amnesia {unknown}
 L - 3 scrolls of blinking {unknown}
 O - a scroll of acquirement {unknown}
 X - a scroll of enchant armour {unknown}
Potions
 e - 2 potions of heal wounds
 l - a potion of degeneration {unknown}
 p - 2 potions of haste {unknown}
 v - a potion of might
 z - 5 potions of curing
 E - a potion of flight {unknown}
 I - 2 potions of agility {unknown}
 K - a potion of lignification {unknown}
 M - a potion of cancellation {unknown}
 N - a potion of ambrosia {unknown}
 P - a potion of magic {unknown}
 S - a potion of brilliance {unknown}
 T - a potion of resistance {unknown}
Books
 c - a book of Changes

   Spells                             Type                      Level
   a - Beastly Appendage              Transmutation                1
   b - Sticks to Snakes               Transmutation                2
   c - Spider Form                    Transmutation/Poison         3
   d - Ice Form                       Ice/Transmutation            4
   e - Blade Hands                    Transmutation                5
 Q - Vehumet's Handbook of Battle Magic
   (You found it on level 5 of the Dungeon)

   Spells                             Type                      Level
   a - Magic Dart                     Conjuration                  1
Comestibles
 d - 14 rations
 W - 5 chunks of flesh


   Skills:
 + Level 4.9 Fighting
 - Level 1.5 Dodging
 - Level 5.0 Stealth
 * Level 8.4 Unarmed Combat
 + Level 5.8 Spellcasting
 * Level 7.9 Transmutations


You had 5 spell levels left.
You knew the following spells:

 Your Spells              Type           Power        Failure   Level  Hunger
a - Beastly Appendage     Tmut           ####..       3%          1    None
b - Sticks to Snakes      Tmut           ####....     4%          2    #......
c - Spider Form           Tmut/Pois      ###.......   22%         3    ##.....
d - Blade Hands           Tmut           ####......   32%         5    ######.
e - Ice Form              Ice/Tmut       ###.....     47%         4    ####...


Dungeon Overview and Level Annotations

Branches:
Dungeon (9/15)             Temple (1/1) D:4
   Lair: D:8-11         Orc: D:9-12

Altars:
Ashenzari
Cheibriados
Dithmenos
Elyvilon
Fedhas
Gozag
Hepliaklqana
Kikubaaqudgha
Makhleb
Nemelex Xobeh
Okawaru
Qazlal
Ru
Sif Muna
Trog
Uskayaw
Vehumet
Wu Jian
Xom
Yredelemnul
Zin
The Shining One

Annotations:
D:5 2 transporters
D:6 Agrougrou's ghost, novice OpTm; Grinder


Innate Abilities, Weirdness & Mutations

((You have razor-sharp teeth.))
Your natural rate of healing is unusually fast.
When hurt, damage is shared between your health and your magic reserves.
((Your bite disrupts and absorbs the magic of your enemies.))
Potions cannot restore your health.
You are immune to rotting.


Message History

The water moccasin barely misses you.
You feel sick.
You feel sick. The water moccasin closely misses you.
Your magical contamination has completely faded away.
You feel sick.
Your transformation is almost over.
You feel sick. The water moccasin bites you.
* * * LOW HITPOINT WARNING * * *
There is a stone staircase leading up here.
You feel sick. The water moccasin barely misses you.
You climb upwards.
There is a stone staircase leading down here.
You spin and attack the water moccasin.
You hit the water moccasin.
The water moccasin is lightly wounded.
You feel sick. The water moccasin closely misses you.
The water moccasin bites you.
* * * LOW HITPOINT WARNING * * *
You are lethally poisoned!
The water moccasin poisons you!
You die...

#.....########
#............#
#.....######.#
#########.....##
#.#
......^........#
#.# ######
#####.######.#.###
#.# #....#
...............S>#
#.# #.##.#
###.#.##.........#
#.#####.##.#
#.....#........s#
#.##....##.#
#.....#......)..#
#.##.#####.#
#.._..####....)[#
#.##.# #.#
##.....######....#
#.)..# #.###
#................#
###### #...#
#........).....).#
#####.#
#.............#.##
#.....#
#######.......#.#
#.#####
#.......#)######
####.#


You could see a water moccasin (pinned).

Vanquished Creatures
  A hornet (D:9)
  A hippogriff (D:7)
  A steam dragon (D:6)
  A hornet zombie (Ossuary)
  An orc warrior (D:8)
  A phantom (D:7)
  2 ogres
  A necrophage (D:8)
  3 centaurs
  A crocodile (D:7)
  A big kobold (D:7)
  A bullfrog (D:7)
  2 scorpions
  4 crimson imps
  5 bullfrog zombies (Ossuary)
  5 orc priests
  A bullfrog skeleton (D:6)
  A gnoll shaman (D:8)
  5 hounds
  A jelly (D:6)
  9 orc wizards
  2 iguanas (D:9)
  6 worker ants
  A killer bee zombie (Ossuary)
  3 hound zombies (Ossuary)
  16 mummies (Ossuary)
  A howler monkey skeleton (D:4)
  8 gnolls
  A howler monkey zombie (Ossuary)
  3 worker ant zombies (Ossuary)
  8 adders
  3 shadow imps (D:5)
  2 oozes
  2 adder zombies (Ossuary)
  An adder skeleton (D:4)
  6 worms
  6 dart slugs
  6 leopard geckos
  23 orcs
  5 giant cockroaches
  10 goblins
  10 hobgoblins
  6 jackals
  8 quokkas
  A ball python (D:2)
  5 bats
  5 frilled lizards
  2 jackal zombies (Ossuary)
  7 kobolds
  2 leopard gecko zombies (Ossuary)
  2 quokka zombies (Ossuary)
  6 rats
215 creatures vanquished.

Vanquished Creatures (others)
  2 withered plants (Ossuary)
2 creatures vanquished.

Grand Total: 217 creatures vanquished

Notes
Turn   | Place    | Note
-------+----------+-------------------------------------------
     0 | D:1      | Gobbopathe the Vine Stalker Transmuter began the quest for the Orb.
     0 | D:1      | Reached XP level 1. HP: 9/9 MP: 4/4
    86 | D:1      | Reached skill level 1 in Fighting
   135 | D:1      | Reached XP level 2. HP: 12/14 MP: 4/6
   145 | D:1      | Learned a level 2 spell: Sticks to Snakes
   554 | D:1      | Reached XP level 3. HP: 18/18 MP: 5/7
   559 | D:1      | Learned a level 3 spell: Spider Form
  1271 | D:2      | Gained mutation: Your natural rate of healing is unusually fast. [Vine Stalker growth]
  1271 | D:2      | Reached XP level 4. HP: 16/22 MP: 6/8
  1828 | D:2      | Reached skill level 4 in Unarmed Combat
  2038 | D:3      | Found a sacrificial altar of Ru.
  2042 | D:3      | Found a blossoming altar of Fedhas.
  2048 | D:3      | Found a snail-covered altar of Cheibriados.
  2049 | D:3      | Found an opulent altar of Gozag.
  2049 | D:3      | Found a shattered altar of Ashenzari.
  2050 | D:3      | Found a glowing golden altar of the Shining One.
  2051 | D:3      | Reached XP level 5. HP: 26/26 MP: 10/10
  2821 | D:4      | Found a staircase to the Ecumenical Temple.
  2841 | D:4      | Reached XP level 6. HP: 23/30 MP: 7/11
  2896 | Temple   | Entered the Ecumenical Temple
  3139 | Temple   | Became a worshipper of the Wu Jian Council
  3227 | D:4      | Reached skill level 5 in Unarmed Combat
  3512 | D:4      | Reached XP level 7. HP: 35/35 MP: 13/13
  3821 | D:4      | Found a hazy altar of Hepliaklqana.
  4065 | D:5      | Entered Level 5 of the Dungeon
  4085 | D:5      | Found a transporter.
  4095 | D:5      | Noticed a kobold demonologist
  4205 | D:5      | Found a transporter.
  4218 | D:5      | Found a sand-covered staircase.
  4233 | D:5      | Reached skill level 1 in Stealth
  4257 | Ossuary  | Entered an ossuary
  4286 | Ossuary  | Reached skill level 5 in Transmutations
  4380 | Ossuary  | Gained mutation: You have razor-sharp teeth. [Vine Stalker growth]
  4380 | Ossuary  | Reached XP level 8. HP: 31/40 MP: 14/14
  4395 | Ossuary  | Reached * piety under Wu Jian
  4538 | Ossuary  | Reached skill level 6 in Unarmed Combat
  5142 | D:5      | Found an ancient bone altar of Kikubaaqudgha.
  5144 | D:5      | Found a deep blue altar of Sif Muna.
  5147 | D:5      | Found a radiant altar of Vehumet.
  5152 | D:5      | Identified Vehumet's Handbook of Battle Magic
  5160 | D:5      | Learned a level 5 spell: Blade Hands
  5165 | D:5      | Learned a level 4 spell: Ice Form
  5558 | D:6      | Reached ** piety under Wu Jian
  5832 | D:6      | Noticed Agrougrou's ghost (novice OpTm)
  5841 | D:6      | Reached skill level 7 in Unarmed Combat
  5841 | D:6      | Reached XP level 9. HP: 12/45 MP: 5/17
  6106 | D:6      | Noticed Grinder
  6266 | D:7      | Reached skill level 5 in Spellcasting
  6884 | D:7      | Reached skill level 5 in Stealth
  6969 | D:6      | Found a burning altar of Makhleb.
  7300 | D:8      | Found a white marble altar of Elyvilon.
  7333 | D:8      | Found a bloodstained altar of Trog.
  7335 | D:8      | Found an iron altar of Okawaru.
  7350 | D:8      | Reached skill level 8 in Unarmed Combat
  7429 | D:8      | Reached *** piety under Wu Jian
  7631 | D:9      | Noticed a two-headed ogre
  7761 | D:9      | Noticed a hornet
  7770 | D:9      | Killed a hornet
  7770 | D:9      | Reached XP level 10. HP: 20/51 MP: 5/19
  7786 | D:8      | HP: 2/51 [water moccasin (4)]
  7787 | D:8      | Succumbed to a water moccasin's poison

Skill      XL: |  1  2  3  4  5  6  7  8  9 |
---------------+----------------------------+-----
Fighting       | 1 2 3 4 |  4.9
Transmutations | 3 4 5 6 7 |  7.9
Unarmed Combat | 4 5 7 8 |  8.4
Spellcasting   | 3 4 5 |  5.8
Stealth        | 1 3 5 |  5.0
Dodging        | |  1.5

Action                   |  1- 3 |  4- 6 |  7- 9 | 10-12 || total
-------------------------+-------+-------+-------+-------++-------
Melee: Unarmed           |    95 |   249 |   516 |     3 ||   863
       Bite              |    15 |    64 |   139 |       ||   218
       Kick              |     8 |     9 |       |       ||    17
       Headbutt          |     1 |       |       |       ||     1
       Punch             |     1 |     5 |    11 |       ||    17
 Fire: Hunting sling     |       |       |     6 |       ||     6
Throw: Stone             |       |       |    56 |       ||    56
 Cast: Beastly Appendage |    18 |     9 |       |       ||    27
       Spider Form       |       |     4 |    11 |       ||    15
       Blade Hands       |       |       |     1 |       ||     1
Invok: Lunge             |       |       |    69 |       ||    69
       Whirlwind         |       |       |    29 |     1 ||    30
       Wall Jump         |       |       |     1 |       ||     1
  Use: Potion            |       |     3 |       |       ||     3
 Stab: Sleeping          |     3 |     5 |    16 |       ||    24
       Distracted        |       |       |     3 |       ||     3
  Eat: Chunk             |     2 |     8 |    12 |       ||    22
       Ration            |       |       |     1 |       ||     1
Armor: Robe              |    16 |       |       |       ||    16
       Leather armour    |     8 |    52 |    70 |       ||   130
       Skin              |       |     3 |     2 |       ||     5
Dodge: Dodged            |    32 |   122 |   183 |     7 ||   344
Block: Other             |       |       |    75 |       ||    75
